 Dungeon Sprint DCSS version 0.24-a0-539-g6aae15e (webtiles) character file.

Game seed: 6664441421828161620

2340 silentkaos13 the Martial Artist (level 9, -12/62 HPs)
             Began as an Octopode Transmuter on Aug 18, 2019.
             Was a Believer of Cheibriados.
             Shot with an arrow by a centaur warrior (27 damage)
             ... in the Dungeon (Sprint I: "Red Sonja").
             The game lasted 00:03:24 (1309 turns).

silentkaos13 the Martial Artist (OpTm)              Turns: 1309, Time: 00:03:26

Health: -12/62     AC:  2    Str: 15    XL:     9   Next: 43%
Magic:  14/19      EV: 28    Int: 21    God:    Cheibriados [**....]
Gold:   687        SH:  0    Dex: 21    Spells: 6/21 levels left

rFire    . . .     SeeInvis .     - Unarmed
rCold    . . .     Gourm    .   (shield currently unavailable)
rNeg     . . .     Faith    .   (helmet currently unavailable)
rPois    x         Spirit   .   (no amulet)
rElec    .         Reflect  .   (no ring)
rCorr    .         Harm     .   (no ring)
MR       .....     NoTele   +   (no ring)
Stlth    +++++.....             (no ring)
HPRegen  0.20/turn              (no ring)
MPRegen  0.16/turn              (no ring)
                                (no ring)
                                (no ring)

@: spider-form, very slow
A: tiny, almost no armour, stealthy swim, (amphibious), 8 rings, (constrict 8)
a: End Transformation, Bend Time, Renounce Religion


You were in the Dungeon.
You worshipped Cheibriados.
Cheibriados was pleased with you.
You were not hungry.
You were a venomous arachnid creature.
You visited 1 branch You collected 687 gold pieces.

Inventory:

Missiles
 a - 9 arrows
 d - 3 curare-tipped darts (quivered)
Wands
 k - a wand of enslavement (9)
Scrolls
 b - a scroll of amnesia {unknown}
 i - a scroll of blinking
 j - a scroll of remove curse {unknown}
Potions
 e - a potion of heal wounds
 f - a potion of haste
 g - 2 potions of magic
 h - a potion of berserk rage
Comestibles
 c - a ration


   Skills:
 * Level 6.0 Fighting
 + Level 8.0 Dodging
 + Level 6.6 Stealth
 + Level 13.2 Unarmed Combat
 + Level 6.7 Spellcasting
 + Level 7.1 Transmutations
 * Level 5.6 Ice Magic
 + Level 5.8 Poison Magic


You had 6 spell levels left.
You knew the following spells:

 Your Spells              Type           Power        Failure   Level  Hunger
a - Beastly Appendage     Tmut           #####.       3%          1    None
b - Sticks to Snakes      Tmut           #####...     4%          2    None
c - Spider Form           Tmut/Pois      ####......   8%          3    #......
d - Blade Hands           Tmut           #####.....   30%         5    #####..
e - Ice Form              Ice/Tmut       ####....     19%         4    ###....

Your spell library contained the following spells:

 Spells                   Type           Power        Failure   Level  Hunger


Dungeon Overview and Level Annotations

Branches:
Dungeon (1/1)

Altars:
Cheibriados
Dithmenos
Elyvilon
Fedhas
Gozag
Hepliaklqana
Kikubaaqudgha
Makhleb
Nemelex Xobeh
Okawaru
Qazlal
Ru
Sif Muna
Trog
Uskayaw
Vehumet
Wu Jian
Xom
Yredelemnul
Zin
The Shining One
Jiyva
Lugonu

Shops:
D ?}[


Innate Abilities, Weirdness & Mutations

You cannot wear most types of armour.
You are very stealthy in the water. (Stealth+)
((You are amphibious.))
You can wear up to eight rings at the same time.
((You can use your tentacles to constrict eight enemies at once.))
((Your skin changes colour to match your surroundings (Stealth+).))
((Your rubbery body absorbs attacks. (AC +1, EV +1)))


Message History

The centaur warrior misses you.
Your adder closely misses the centaur warrior.
Your unstable footing causes you to fumble your attack.
The centaur warrior misses you. The centaur warrior hits you!
* * * LOW HITPOINT WARNING * * *
Your adder bites the centaur warrior.
The centaur warrior is poisoned.
Your adder poisons the centaur warrior!
You swap places.
Your water moccasin bites the centaur warrior!
The centaur warrior wields a +0 shortbow.
The centaur warrior shoots an arrow.
The arrow hits your ball python!!
Your ball python dies!
You hear a splash.
The centaur warrior wields a +0 shortbow.
The centaur warrior shoots an arrow.
The arrow completely misses you.
You hear a splash.
Your water moccasin bites the centaur warrior!
Your adder bites the centaur warrior but does no damage.
The centaur warrior shoots an arrow.
The arrow hits you!!
You die...

#########################
<.#.['..#..'..#__#..'.).#
..'..#.)').#..'..'..#)..#
..#####'#####'#__####...+
..####..#...#.####??#####
..#__####..##.#§§S§§#
..#_____##'#_.+§§Sc§+
⌠⌠#_.∩...'..._#§s§c§#
###_..__##_.#'##§####
#_____###'#.#....###
###########.####§###.##
∩........'...'.§...'.∩#
##++++####...##########
##.## #+#


You could see 2 centaur warriors, a friendly water moccasin and a friendly
adder.

Vanquished Creatures
  Sonja (D)
  A deep troll (D)
  2 kobold demonologists (D)
  A slime creature (D)
  Sigmund (D)
  A yak (D)
  A floating eye (D)
  An ogre (D)
  A jelly (D)
  Ijyb (D)
11 creatures vanquished.

Notes
Turn   | Place    | Note
-------+----------+-------------------------------------------
     0 | D        | silentkaos13 the Octopode Transmuter began the quest for
                  | the Orb.
     0 | D        | Reached XP level 1. HP: 13/13 MP: 3/3
     1 | D        | Noticed Ijyb
    17 | D        | Killed Ijyb
    17 | D        | Reached skill level 5 in Unarmed Combat
    17 | D        | Reached XP level 2. HP: 14/18 MP: 3/5
    17 | D        | Reached XP level 3. HP: 18/23 MP: 4/7
   180 | D        | Learned a level 2 spell: Sticks to Snakes
   184 | D        | Learned a level 3 spell: Spider Form
   185 | D        | Noticed an ogre
   194 | D        | Killed an ogre
   194 | D        | Reached skill level 1 in Stealth
   194 | D        | Reached skill level 7 in Unarmed Combat
   194 | D        | Reached XP level 4. HP: 28/28 MP: 4/9
   233 | D        | Noticed Sigmund
   241 | D        | Killed Sigmund
   241 | D        | Reached skill level 5 in Dodging
   241 | D        | Reached skill level 9 in Unarmed Combat
   241 | D        | Reached skill level 1 in Poison Magic
   241 | D        | Reached XP level 5. HP: 33/33 MP: 7/12
   241 | D        | Reached XP level 6. HP: 38/38 MP: 7/13
   254 | D        | Found an ornate altar of the Wu Jian Council.
   254 | D        | Found a shimmering blue altar of Sif Muna.
   256 | D        | Found a radiant altar of Vehumet.
   381 | D        | Found Hiluppeh's Gadget Emporium.
   381 | D        | Found an ancient bone altar of Kikubaaqudgha.
   381 | D        | Found a hazy altar of Hepliaklqana.
   381 | D        | Found a stormy altar of Qazlal.
   381 | D        | Found a hide-covered altar of Uskayaw.
   381 | D        | Found a blossoming altar of Fedhas.
   381 | D        | Found a bloodstained altar of Trog.
   381 | D        | Found an iron altar of Okawaru.
   381 | D        | Found a basalt altar of Yredelemnul.
   381 | D        | Found a glowing golden altar of the Shining One.
   381 | D        | Found a snail-covered altar of Cheibriados.
   381 | D        | Found a sacrificial altar of Ru.
   381 | D        | Found a glowing silver altar of Zin.
   381 | D        | Found a shadowy altar of Dithmenos.
   381 | D        | Found a white marble altar of Elyvilon.
   381 | D        | Noticed a yak
   382 | D        | Found an opulent altar of Gozag.
   385 | D        | Killed a yak
   385 | D        | Reached skill level 10 in Unarmed Combat
   385 | D        | Reached skill level 5 in Spellcasting
   385 | D        | Reached skill level 5 in Transmutations
   386 | D        | Found a sparkling altar of Nemelex Xobeh.
   390 | D        | Became a worshipper of Cheibriados the Contemplative
   452 | D        | Found a burning altar of Makhleb.
   452 | D        | Found a viscous altar of Jiyva.
   452 | D        | Found a shimmering altar of Xom.
   452 | D        | Found a corrupted altar of Lugonu.
   452 | D        | Noticed a slime creature
   463 | D        | Killed a slime creature
   463 | D        | Reached skill level 11 in Unarmed Combat
   463 | D        | Reached XP level 7. HP: 24/43 MP: 12/15
   470 | D        | Learned a level 5 spell: Blade Hands
   476 | D        | Learned a level 4 spell: Ice Form
   610 | D        | Noticed a kobold demonologist
   610 | D        | Noticed a kobold demonologist
   615 | D        | Reached skill level 1 in Ice Magic
   619 | D        | Noticed a neqoxec
   620 | D        | Killed a kobold demonologist
   620 | D        | Reached * piety under Cheibriados
   620 | D        | Reached skill level 5 in Stealth
   620 | D        | Reached XP level 8. HP: 35/52 MP: 13/17
   625 | D        | Noticed an orange demon
   625 | D        | Killed a kobold demonologist
   625 | D        | Reached skill level 12 in Unarmed Combat
   773 | D        | Noticed Sonja
   785 | D        | Killed Sonja
   785 | D        | Reached skill level 5 in Fighting
   785 | D        | Reached skill level 5 in Poison Magic
   785 | D        | Reached XP level 9. HP: 12/61 MP: 16/18
  1009 | D        | Found Dicoffor's Magic Scroll Boutique.
  1017 | D        | Noticed a deep troll
  1028 | D        | Killed a deep troll
  1028 | D        | Reached ** piety under Cheibriados
  1028 | D        | Reached skill level 13 in Unarmed Combat
  1028 | D        | Reached skill level 5 in Ice Magic
  1039 | D        | Found Buubec's Armour Emporium.
  1304 | D        | Noticed a centaur warrior
  1306 | D        | Noticed a centaur warrior
  1309 | D        | Shot with an arrow by a centaur warrior

Levels and vault maps discovered:
D:        dungeon_sprint_1 [red_sonja_temple_1, red_sonja_temple_small_1]

Skill      XL: |  1  2  3  4  5  6  7  8  9 |
---------------+----------------------------+-----
Dodging        | 3 4 5 6 7 8 |  8.0
Unarmed Combat | 5 7 9 11 12 13 | 13.2
Stealth        | 1 2 4 5 6 |  6.6
Spellcasting   | 3 4 5 6 |  6.7
Transmutations | 3 4 5 6 7 |  7.1
Poison Magic   | 1 3 4 5 |  5.8
Fighting       | 3 5 6 |  6.0
Ice Magic      | 2 4 5 |  5.6

Action                   |  1- 3 |  4- 6 |  7- 9 || total
-------------------------+-------+-------+-------++-------
Melee: Unarmed           |    20 |    21 |    26 ||    67
       Tentacles         |     3 |       |       ||     3
       Constrict         |     1 |       |       ||     1
       Kick              |     1 |       |       ||     1
Throw: Dart              |       |       |     1 ||     1
 Cast: Beastly Appendage |     1 |       |       ||     1
       Spider Form       |     1 |     4 |     4 ||     9
       Sticks to Snakes  |       |       |     2 ||     2
  Use: Potion            |       |       |     1 ||     1
 Stab: Sleeping          |     1 |     1 |       ||     2
Armor: Skin              |     3 |       |     2 ||     5
Dodge: Dodged            |    12 |    11 |    42 ||    65

Table legend:
 A = Non-vault XP
 B = Vault XP
 C = Vault XP percentage of total XP
 D = Non-vault monster count
 E = Vault monster count
 F = Vault count percentage of total count
                 A         B        C        D         E       F
            +---------+---------+-------+---------+---------+-------
      Total |       0 |    3343 | 100.0 |       0 |      11 | 100.0
            +---------+---------+-------+---------+---------+-------
          D |       0 |    3343 | 100.0 |       0 |      11 | 100.0
            +---------+---------+-------+---------+---------+-------
